[Event "Silver Lake Open-A 2019"]
[Site "Veliko Gradiste"]
[Date "2019.06.20"]
[Round "6.7"]
[White "Lajthajm, Borko"]
[Black "Volkov, Dmitry V"]
[Result "1-0"]
[ECO "A52"]
[WhiteElo "2433"]
[BlackElo "2206"]
[Annotator "NA RC"]
[PlyCount "79"]
[EventDate "2019.06.16"]
[EventType "swiss"]
[EventCountry "SRB"]
[SourceTitle "playchess.com"]
[Source "ChessBase"]
[SourceQuality "1"]
[TimeControl "40/5400+30:900+30"]

1. d4 Nf6 2. c4 e5 3. dxe5 Ng4 4. Nf3 Bc5 5. e3 Nc6 6. a3 a5 7. b3 O-O 8. h3 Ngxe5 9. Nc3 Re8 10. Bb2 Nxf3+ 11. Qxf3 Ne5 12. Qg3 Ra6 13. Ne4 Rg6 14. Qf4 Qe7 15. Nxc5 Qxc5 16. O-O-O Rf6 17. Qe4 Rfe6 18. Qd4 Qf8 19. Be2 a4 20. b4 b6 21. Qc3 Bb7 22. Rhg1 Kh8 23. Kb1 d6 24. Ka1 f6 25. Qc2 Ra8 26. Rd4 f5 27. Rd2 Be4 28. Qc3 Rg6 29. Rdd1 Bxg2 30. f4 Bf3 31. Rxg6 Bxe2 32. fxe5 hxg6 33. Rd2 Bh5 34. exd6 cxd6 35. Rxd6 Ra7 36. Qd4 Qe7 37. Qxb6 Kh7 38. Qd4 Rc7 39. c5 Bf3 40. b5 1-0

[Event "Silver Lake Open-A 2019"]
[Site "Veliko Gradiste"]
[Date "2019.06.20"]
[Round "6.8"]
[White "Krasteva, Beloslava"]
[Black "Dudukovic, Nikola"]
[Result "1/2-1/2"]
[ECO "D35"]
[WhiteElo "2259"]
[BlackElo "2397"]
[Annotator "RC"]
[PlyCount "107"]
[EventDate "2019.06.16"]
[EventType "swiss"]
[EventCountry "SRB"]
[SourceTitle "playchess.com"]
[Source "ChessBase"]
[SourceQuality "1"]
[TimeControl "40/5400+30:900+30"]

1. d4 d5 2. c4 e6 3. Nc3 Nf6 4. cxd5 exd5 5. Bg5 Be7 6. e3 O-O 7. Bd3 c6 8. Qc2 h6 9. Bh4 Re8 10. Nge2 b6 11. O-O Nbd7 12. Rfd1 Bb7 13. a3 a5 14. Rab1 b5 15. f3 Nb6 16. Bf2 b4 17. Na2 Nbd7 18. Nac1 c5 19. dxc5 Bxc5 20. Nd4 Bxd4 21. exd4 Ba6 22. Bxa6 Rxa6 23. axb4 axb4 24. Nd3 Rb6 25. Qa4 b3 26. Nc5 Nf8 27. Rd3 Nh5 28. Rxb3 Rg6 29. Nd3 Qg5 30. g3 Rge6 31. Re1 Qd2 32. Rxe6 Rxe6 33. Rc3 Ng6 34. Qc2 Qg5 35. Rc8+ Kh7 36. Ne5 f5 37. Nxg6 Qxg6 38. Qd2 Nf6 39. b4 Rb6 40. Rc5 f4 41. Kg2 fxg3 42. hxg3 Qb1 43. Be1 Re6 44. Rc1 Qf5 45. Bf2 Rb6 46. Be1 Re6 47. b5 Rb6 48. Qb2 Qd3 49. Qb1 Qxb1 50. Rxb1 Ne8 51. Ba5 Rb7 52. b6 Nd6 53. Kf2 Kg6 54. Ke2 1/2-1/2

[Event "Silver Lake Open-A 2019"]
[Site "Veliko Gradiste"]
[Date "2019.06.20"]
[Round "6.9"]
[White "Dolgun, Can"]
[Black "Stefanov, Emil"]
[Result "0-1"]
[ECO "C11"]
[WhiteElo "1931"]
[BlackElo "2387"]
[Annotator "NA"]
[PlyCount "94"]
[EventDate "2019.06.16"]
[EventType "swiss"]
[EventCountry "SRB"]
[SourceTitle "playchess.com"]
[Source "ChessBase"]
[SourceQuality "1"]
[TimeControl "40/5400+30:900+30"]

1. e4 e6 2. d4 d5 3. Nc3 Nf6 4. e5 Nfd7 5. f4 c5 6. Nf3 Nc6 7. Be3 Be7 8. Qd2 O-O 9. O-O-O c4 10. f5 b5 11. f6 gxf6 12. Bh6 fxe5 13. dxe5 Kh8 14. Bxf8 Qxf8 15. Nxd5 exd5 16. Qxd5 Qh6+ 17. Kb1 Rb8 18. Qxf7 Nf8 19. Nd4 Be6 20. Nxe6 Nxe6 21. Be2 Nf4 22. Qf5 Nxe2 23. g3 Ned4 24. Qe4 Qg6 25. Rxd4 Nxd4 26. Qxd4 Rd8 27. Qxa7 Qe4 28. Rg1 Qxe5 29. Qb6 Qd4 30. Qxd4+ Rxd4 31. a3 Kg7 32. Rf1 Kg6 33. Re1 Bf6 34. Rf1 Rd2 35. Rh1 Rg2 36. Kc1 Bg5+ 37. Kb1 Be3 38. b3 cxb3 39. cxb3 Kh5 40. Rd1 Rg1 41. Kc2 Rxd1 42. Kxd1 Kg4 43. a4 b4 44. Ke2 Bg1 45. Kd3 Bxh2 46. Kc4 Bxg3 47. Kxb4 h5 0-1

[Event "Silver Lake Open-A 2019"]
[Site "Veliko Gradiste"]
[Date "2019.06.20"]
[Round "6.10"]
[White "Rajkovic, Mladen"]
[Black "Van Dael, Siem"]
[Result "1-0"]
[ECO "B33"]
[WhiteElo "2360"]
[BlackElo "2290"]
[Annotator "NA"]
[PlyCount "37"]
[EventDate "2019.06.16"]
[EventType "swiss"]
[EventCountry "SRB"]
[SourceTitle "playchess.com"]
[Source "ChessBase"]
[SourceQuality "1"]
[TimeControl "40/5400+30:900+30"]

1. e4 c5 2. Nf3 Nc6 3. d4 cxd4 4. Nxd4 Nf6 5. f3 e5 6. Nb5 d6 7. c4 a6 8. N5c3 Be6 9. Be3 Rb8 10. Be2 Be7 11. Nd5 b5 12. cxb5 axb5 13. Nbc3 O-O 14. Bxb5 Nd4 15. Nxe7+ Qxe7 16. Bxd4 exd4 17. Qxd4 d5 18. e5 Bd7 19. Be2 1-0

[Event "Silver Lake Open-A 2019"]
[Site "Veliko Gradiste"]
[Date "2019.06.21"]
[Round "7.1"]
[White "Radovanovic, Mihajlo"]
[Black "Strikovic, Aleksa"]
[Result "1/2-1/2"]
[ECO "A40"]
[WhiteElo "2483"]
[BlackElo "2503"]
[Annotator "ChessBase"]
[PlyCount "123"]
[EventDate "2019.06.16"]
[EventType "swiss"]
[EventCountry "SRB"]
[SourceTitle "playchess.com"]
[Source "ChessBase"]
[SourceQuality "1"]
[TimeControl "40/5400+30:900+30"]

1. d4 g6 2. Nf3 Bg7 3. e4 d6 4. Bc4 Nf6 5. Qe2 c6 6. e5 Nd5 7. h3 O-O 8. O-O a5 9. Bg5 Be6 10. Nbd2 dxe5 11. dxe5 Nd7 12. Nb3 Qc7 13. Rfe1 h6 14. Bd2 c5 15. a4 Rfd8 16. Qe4 Nf8 17. Qh4 g5 18. Qe4 f5 19. Qe2 b6 20. Rad1 Qc6 21. Bc1 Nc7 22. Bxe6+ Nfxe6 23. Qc4 Rxd1 24. Rxd1 b5 25. axb5 Qxb5 26. Qxb5 Nxb5 27. c4 Nbd4 28. Nbxd4 cxd4 29. Bd2 g4 30. Nh4 gxh3 31. Nxf5 hxg2 32. f4 Rb8 33. Nxe7+ Kf7 34. Nd5 Kg6 35. Ne7+ Kf7 36. Nd5 Kg6 37. Bc1 Bf8 38. Kxg2 Rb3 39. Rh1 a4 40. Kf2 Nc5 41. Ke2 Kf5 42. Rh5+ Ke6 43. Nc7+ Kd7 44. Nb5 Ne4 45. e6+ Ke7 46. Rd5 d3+ 47. Rxd3 Ng3+ 48. Kd2 Rxd3+ 49. Kxd3 Kxe6 50. Nd4+ Kd7 51. Be3 h5 52. Bf2 h4 53. Nf3 Be7 54. c5 Bf6 55. Bd4 Bxd4 56. Kxd4 h3 57. Kd5 Kc7 58. Nh2 Nf5 59. Ke4 Ne7 60. Kd4 Kc6 61. Kc4 Nd5 62. f5 1/2-1/2

[Event "Silver Lake Open-A 2019"]
[Site "Veliko Gradiste"]
[Date "2019.06.21"]
[Round "7.2"]
[White "Ernst, Sipke"]
[Black "Zakhartsov, Viacheslav V."]
[Result "1/2-1/2"]
[ECO "A30"]
[WhiteElo "2541"]
[BlackElo "2518"]
[Annotator "ChessBase"]
[PlyCount "67"]
[EventDate "2019.06.16"]
[EventType "swiss"]
[EventCountry "SRB"]
[SourceTitle "playchess.com"]
[Source "ChessBase"]
[SourceQuality "1"]
[TimeControl "40/5400+30:900+30"]

1. Nf3 Nf6 2. c4 b6 3. g3 c5 4. Bg2 Bb7 5. O-O e6 6. Nc3 a6 7. d4 cxd4 8. Qxd4 d6 9. Rd1 Be7 10. b3 Nbd7 11. e4 Qc8 12. Ba3 Nc5 13. e5 dxe5 14. Nxe5 Bxg2 15. Kxg2 Qb7+ 16. Kg1 O-O 17. Na4 Nxa4 18. Bxe7 Qxe7 19. bxa4 Qc7 20. Qd6 Rfc8 21. Qxc7 Rxc7 22. Rab1 Ne4 23. Rxb6 Nc5 24. a5 Kf8 25. Rdd6 Ke7 26. Kg2 Rac8 27. Rdc6 f6 28. Rxc7+ Rxc7 29. Nc6+ Kd6 30. Nd4+ Ke5 31. Nb3 g5 32. Kf3 Ne4 33. c5 Nxc5 34. Nxc5 1/2-1/2

[Event "Silver Lake Open-A 2019"]
[Site "Veliko Gradiste"]
[Date "2019.06.21"]
[Round "7.3"]
[White "Savic, Miodrag R"]
[Black "Lajthajm, Borko"]
[Result "1-0"]
[ECO "C66"]
[WhiteElo "2503"]
[BlackElo "2433"]
[Annotator "ChessBase"]
[PlyCount "50"]
[EventDate "2019.06.16"]
[EventType "swiss"]
[EventCountry "SRB"]
[SourceTitle "playchess.com"]
[Source "ChessBase"]
[SourceQuality "1"]
[TimeControl "40/5400+30:900+30"]

1. e4 e5 2. Nf3 Nc6 3. Bb5 d6 4. O-O Bd7 5. d4 Nf6 6. Nc3 exd4 7. Nxd4 Nxd4 8. Bxd7+ Qxd7 9. Qxd4 Be7 10. Rd1 Qc6 11. Bh6 O-O 12. Nd5 Bd8 13. Rd3 Qc5 14. Nxf6+ Bxf6 15. Qxf6 gxf6 16. Rg3+ Qg5 17. Bxg5 fxg5 18. Rxg5+ Kh8 19. f3 h6 20. Rf5 Kg7 21. Kf2 Rfe8 22. Rd1 a5 23. a4 Re6 24. Ke3 b6 25. g4 Kf8 1-0

[Event "Silver Lake Open-A 2019"]
[Site "Veliko Gradiste"]
[Date "2019.06.21"]
[Round "7.4"]
[White "Damljanovic, Branko"]
[Black "Rajkovic, Mladen"]
[Result "1-0"]
[ECO "A01"]
[WhiteElo "2468"]
[BlackElo "2360"]
[Annotator "ChessBase"]
[PlyCount "117"]
[EventDate "2019.06.16"]
[EventType "swiss"]
[EventCountry "SRB"]
[SourceTitle "playchess.com"]
[Source "ChessBase"]
[SourceQuality "1"]
[TimeControl "40/5400+30:900+30"]

1. b3 e5 2. Bb2 Nc6 3. c4 Nf6 4. Nc3 d5 5. cxd5 Nxd5 6. e3 Bf5 7. a3 Nxc3 8. Bxc3 Bd3 9. Bxd3 Qxd3 10. Ne2 O-O-O 11. O-O Bc5 12. b4 Bb6 13. Nc1 Qc4 14. Rb1 a6 15. Qb3 Qxb3 16. Nxb3 Rhe8 17. Rfc1 f5 18. a4 Rd5 19. Na1 g6 20. Nc2 Nd8 21. Na3 c6 22. b5 axb5 23. axb5 Bc7 24. Rc2 cxb5 25. Nxb5 Nc6 26. Rcb2 Bb8 27. Na3 Re7 28. Nc4 Ba7 29. g3 e4 30. Kg2 Red7 31. Rb5 Ne7 32. Be5 Nc6 33. Bf4 Rxb5 34. Rxb5 Kd8 35. g4 fxg4 36. Nd6 Bb8 37. Bg5+ Kc7 38. Nxe4 Kc8 39. d4 Rf7 40. Rc5 Kd7 41. Nf6+ Ke6 42. d5+ Kd6 43. Rb5 Ne5 44. Ne4+ Kd7 45. Rxb7+ Kc8 46. Rb1 Nf3 47. d6 Nxg5 48. Nxg5 Rf5 49. d7+ Kxd7 50. Rxb8 Rxg5 51. Rb7+ Ke6 52. Rxh7 Re5 53. Ra7 Re4 54. Ra5 Kf6 55. Rd5 Re8 56. Rd4 Ra8 57. Rxg4 g5 58. h4 gxh4 59. Rxh4 1-0

[Event "Silver Lake Open-A 2019"]
[Site "Veliko Gradiste"]
[Date "2019.06.21"]
[Round "7.5"]
[White "Stefanov, Emil"]
[Black "Stankovic, Milos"]
[Result "1/2-1/2"]
[ECO "E07"]
[WhiteElo "2387"]
[BlackElo "2462"]
[Annotator "ChessBase"]
[PlyCount "78"]
[EventDate "2019.06.16"]
[EventType "swiss"]
[EventCountry "SRB"]
[SourceTitle "playchess.com"]
[Source "ChessBase"]
[SourceQuality "1"]
[TimeControl "40/5400+30:900+30"]

1. d4 Nf6 2. c4 e6 3. Nf3 d5 4. Nc3 c6 5. g3 Nbd7 6. Bg2 Be7 7. O-O O-O 8. Qd3 b6 9. Rd1 Bb7 10. e4 dxc4 11. Qxc4 b5 12. Qe2 b4 13. Na4 Qa5 14. b3 Qb5 15. Qe1 c5 16. dxc5 Nxc5 17. Nd4 Qa5 18. e5 Nd5 19. Nb2 Qc7 20. Bd2 Rac8 21. Rac1 Qb8 22. Bxb4 Nxb4 23. Qxb4 Qxe5 24. Bxb7 Nxb7 25. Qxe7 Rxc1 26. Rxc1 Qxd4 27. Qxb7 Qxb2 28. Rc8 Qxa2 29. Qa8 Qa3 30. Rxf8+ Qxf8 31. Qxa7 g5 32. Qb7 Qd6 33. b4 Kf8 34. Qe4 f5 35. Qa8+ Ke7 36. Qb7+ Kf6 37. h3 h5 38. Qf3 Qxb4 39. Qxh5 Ke5 1/2-1/2

[Event "Silver Lake Open-A 2019"]
[Site "Veliko Gradiste"]
[Date "2019.06.21"]
[Round "7.6"]
[White "Martic, Ivan"]
[Black "Abramovic, Bosko"]
[Result "0-1"]
[ECO "C50"]
[WhiteElo "2401"]
[BlackElo "2353"]
[Annotator "NA"]
[PlyCount "82"]
[EventDate "2019.06.16"]
[EventType "swiss"]
[EventCountry "SRB"]
[SourceTitle "playchess.com"]
[Source "ChessBase"]
[SourceQuality "1"]
[TimeControl "40/5400+30:900+30"]

1. e4 e5 2. Nf3 Nc6 3. Bc4 Bc5 4. O-O Nf6 5. d4 Bxd4 6. Nxd4 Nxd4 7. Bg5 d6 8. f4 Qe7 9. Na3 Bd7 10. f5 a6 11. c3 Nb5 12. Nc2 c6 13. Ne3 Nc7 14. Kh1 O-O-O 15. Qb3 Rhf8 16. Rad1 h6 17. Bxf6 Qxf6 18. Qb6 Kb8 19. Bb3 Bc8 20. Nc4 d5 21. Na5 Rd6 22. c4 Rfd8 23. c5 R6d7 24. Rd4 Na8 25. Qb4 dxe4 26. Rxd7 Rxd7 27. Qxe4 Rd4 28. Qe1 Nc7 29. Nc4 Rf4 30. Nd6 Bxf5 31. Rxf4 exf4 32. Qb4 Bc8 33. Bxf7 f3 34. Bc4 fxg2+ 35. Kxg2 Qg5+ 36. Kh1 Qe3 37. a4 Qf3+ 38. Kg1 Qg4+ 39. Kf2 Qd4+ 40. Kg2 Nd5 41. Qa5 Ne3+ 0-1

[Event "Silver Lake Open-A 2019"]
[Site "Veliko Gradiste"]
[Date "2019.06.21"]
[Round "7.7"]
[White "Dudukovic, Nikola"]
[Black "Altantuya, Boldbaatar"]
[Result "1/2-1/2"]
[ECO "A08"]
[WhiteElo "2397"]
[BlackElo "2220"]
[Annotator "ChessBase"]
[PlyCount "154"]
[EventDate "2019.06.16"]
[EventType "swiss"]
[EventCountry "SRB"]
[SourceTitle "playchess.com"]
[Source "ChessBase"]
[SourceQuality "1"]
[TimeControl "40/5400+30:900+30"]

1. Nf3 Nf6 2. g3 e6 3. Bg2 d5 4. O-O Be7 5. d3 O-O 6. Nbd2 c5 7. e4 Nc6 8. Re1 dxe4 9. dxe4 e5 10. c3 Be6 11. Qe2 a6 12. Nc4 Ng4 13. h3 b5 14. Na3 Nf6 15. Ng5 Bd7 16. Nc2 Qc8 17. Kh2 h6 18. Nf3 Be6 19. Nh4 Rd8 20. Qf3 Nh7 21. Nf5 Bf8 22. h4 c4 23. Bh3 Rd3 24. Qg2 Nf6 25. f3 Kh7 26. g4 g6 27. Rg1 Ra7 28. a4 Rad7 29. axb5 axb5 30. Nce3 Bc5 31. Re1 Qd8 32. Ra6 Qc8 33. Ra1 b4 34. Nxh6 bxc3 35. bxc3 Rxc3 36. g5 Nd5 37. Nxd5 Rd3 38. Bg4 Bxd5 39. exd5 R3xd5 40. Nxf7 Qf8 41. Bh5 Qxf7 42. Bg4 Rd8 43. Qh3 Nd4 44. h5 Kg8 45. Ra6 R5d6 46. Ra2 Nc6 47. Rc2 Kg7 48. h6+ Kh7 49. Qf1 Bb4 50. Re4 c3 51. Qb5 Nd4 52. Qxb4 Nxc2 53. Qxc3 Nd4 54. Rxe5 Rc6 55. Qe3 Rc2+ 56. Kh3 Nc6 57. Rc5 Rxc5 58. Qxc5 Nd4 59. Qa3 Rf8 60. Kg2 Re8 61. f4 Qb7+ 62. Kf2 Qe4 63. Qe3 Qc2+ 64. Qd2 Qc5 65. Ba3 Qa7 66. Kg2 Rd8 67. Qe3 Qb7+ 68. Kf2 Nc2 69. Qe7+ Qxe7 70. Bxe7 Rd2+ 71. Kf3 Ne1+ 72. Ke3 Ra2 73. Bd6 Ng2+ 74. Kf3 Nh4+ 75. Ke4 Ra4+ 76. Ke3 Nf5+ 77. Bxf5 gxf5 {Ke4} 1/2-1/2

[Event "Silver Lake Open-A 2019"]
[Site "Veliko Gradiste"]
[Date "2019.06.21"]
[Round "7.8"]
[White "Yu, Jennifer"]
[Black "Ozkan, Taha"]
[Result "1-0"]
[ECO "A11"]
[WhiteElo "2369"]
[BlackElo "2039"]
[Annotator "NA"]
[PlyCount "67"]
[EventDate "2019.06.16"]
[EventType "swiss"]
[EventCountry "SRB"]
[SourceTitle "playchess.com"]
[Source "ChessBase"]
[SourceQuality "1"]
[TimeControl "40/5400+30:900+30"]

1. c4 c6 2. Nf3 d5 3. e3 e6 4. Nc3 Bd6 5. b3 Nd7 6. Bb2 Ngf6 7. Qc2 O-O 8. Rg1 e5 9. cxd5 Nxd5 10. Ne4 Bc7 11. g4 Qe7 12. a3 N7f6 13. Nxf6+ Qxf6 14. Be2 Re8 15. h4 Qg6 16. d3 e4 17. h5 Qe6 18. Ng5 exd3 19. Bxd3 Qh6 20. Bxh7+ Kf8 21. Nxf7 Rxe3+ 22. Kf1 Qf4 23. Nh8 Qf3 24. Ng6+ Ke8 25. Rg2 Rc3 26. Re1+ Ne3+ 27. Rxe3+ Rxe3 28. Nh4 Qf4 29. Bc1 Qe5 30. Bxe3 Qa1+ 31. Qb1 Qxa3 32. Qe4+ Qe7 33. Bg6+ Kd8 34. Bg5 1-0

[Event "Silver Lake Open-A 2019"]
[Site "Veliko Gradiste"]
[Date "2019.06.21"]
[Round "7.9"]
[White "Konaplev, Anton"]
[Black "Nestorovic, Dejan"]
[Result "1-0"]
[ECO "A40"]
[WhiteElo "2292"]
[BlackElo "2339"]
[Annotator "NA"]
[PlyCount "71"]
[EventDate "2019.06.16"]
[EventType "swiss"]
[EventCountry "SRB"]
[SourceTitle "playchess.com"]
[Source "ChessBase"]
[SourceQuality "1"]
[TimeControl "40/5400+30:900+30"]

1. d4 Nf6 2. c4 e6 3. g3 Bb4+ 4. Nd2 d5 5. Bg2 O-O 6. Ngf3 c6 7. O-O b6 8. Qc2 Bb7 9. Rd1 a5 10. e4 Na6 11. a3 Be7 12. b3 Rc8 13. Bb2 Rc7 14. Rac1 Qa8 15. e5 Nd7 16. cxd5 cxd5 17. Qd3 Rfc8 18. Nb1 Nab8 19. a4 Na6 20. Nc3 Nb4 21. Qe3 Ba6 22. Bf1 Bxf1 23. Kxf1 Rc6 24. Ne1 f6 25. exf6 Bxf6 26. Nb5 Nf8 27. Ba3 Rxc1 28. Rxc1 Rxc1 29. Qxc1 Qc6 30. Qd2 Be7 31. Nd3 Nxd3 32. Bxe7 Qc1+ 33. Qxc1 Nxc1 34. f4 Nd7 35. Ba3 Kf7 36. Ke1 1-0

[Event "Silver Lake Open-A 2019"]
[Site "Veliko Gradiste"]
[Date "2019.06.21"]
[Round "7.10"]
[White "Markovic, Zoran S"]
[Black "Krasteva, Beloslava"]
[Result "0-1"]
[ECO "B84"]
[WhiteElo "2334"]
[BlackElo "2259"]
[Annotator "NA"]
[PlyCount "70"]
[EventDate "2019.06.16"]
[EventType "swiss"]
[EventCountry "SRB"]
[SourceTitle "playchess.com"]
[Source "ChessBase"]
[SourceQuality "1"]
[TimeControl "40/5400+30:900+30"]

1. e4 c5 2. Nf3 d6 3. d4 cxd4 4. Nxd4 Nf6 5. Nc3 a6 6. Be2 e6 7. f4 Be7 8. O-O O-O 9. Be3 Qc7 10. Qe1 b5 11. Bf3 Bb7 12. e5 dxe5 13. fxe5 Nfd7 14. Qg3 Kh8 15. Rf2 b4 16. Bxb7 Qxb7 17. Nce2 Nc6 18. Nxc6 Qxc6 19. Raf1 f6 20. exf6 Bxf6 21. Nf4 Bxb2 22. Qh3 Rf6 23. g4 e5 24. Nd3 Rxf2 25. Rxf2 Bc3 26. g5 Kg8 27. Qg4 e4 28. Nf4 Ne5 29. Qe6+ Qxe6 30. Nxe6 Nf3+ 31. Kf1 Be5 32. h3 Bd6 33. Rg2 Rc8 34. g6 hxg6 35. Rxg6 Kf7 0-1

[Event "Silver Lake Open-A 2019"]
[Site "Veliko Gradiste"]
[Date "2019.06.22"]
[Round "8.1"]
[White "Radovanovic, Mihajlo"]
[Black "Ernst, Sipke"]
[Result "1/2-1/2"]
[ECO "A05"]
[WhiteElo "2483"]
[BlackElo "2541"]
[Annotator "ChessBase"]
[PlyCount "54"]
[EventDate "2019.06.16"]
[EventType "swiss"]
[EventCountry "SRB"]
[SourceTitle "playchess.com"]
[Source "ChessBase"]
[SourceQuality "1"]
[TimeControl "40/5400+30:900+30"]

1. Nf3 Nf6 2. c4 e6 3. Nc3 d5 4. d4 dxc4 5. e4 c5 6. d5 exd5 7. e5 Nfd7 8. Bg5 Be7 9. Bxe7 Qxe7 10. Nxd5 Qd8 11. Bxc4 O-O 12. O-O Nc6 13. Re1 Nb6 14. Nxb6 axb6 15. Qxd8 Nxd8 16. Ng5 Ne6 17. Bxe6 Bxe6 18. a3 Rfd8 19. Ne4 Rd5 20. f4 Rd4 21. Rad1 Rad8 22. Rxd4 Rxd4 23. g3 Bd5 24. Nc3 Bb3 25. Kf2 Kf8 26. Ke3 f6 27. exf6 gxf6 {[%emt 0:01:56] Ke4} 1/2-1/2

[Event "Silver Lake Open-A 2019"]
[Site "Veliko Gradiste"]
[Date "2019.06.22"]
[Round "8.2"]
[White "Damljanovic, Branko"]
[Black "Savic, Miodrag R"]
[Result "1/2-1/2"]
[ECO "E11"]
[WhiteElo "2468"]
[BlackElo "2503"]
[Annotator "ChessBase"]
[PlyCount "126"]
[EventDate "2019.06.16"]
[EventType "swiss"]
[EventCountry "SRB"]
[SourceTitle "playchess.com"]
[Source "ChessBase"]
[SourceQuality "1"]
[TimeControl "40/5400+30:900+30"]

1. d4 Nf6 2. c4 e6 3. Nf3 Bb4+ 4. Bd2 a5 5. Qc2 Bxd2+ 6. Nbxd2 Nc6 7. g4 Nxg4 8. Rg1 f5 9. h3 Nh6 10. d5 Nb4 11. Qc3 Qf6 12. Qxf6 gxf6 13. Nd4 e5 14. Nb5 Kd8 15. Kd1 Rg8 16. Rxg8+ Nxg8 17. d6 cxd6 18. a3 Na6 19. Nxd6 Nc5 20. Rc1 Ra6 21. Nxf5 Rb6 22. b3 Ne7 23. Nxe7 Kxe7 24. Rc3 f5 25. Rg3 Rg6 26. Kc2 d6 27. Bg2 b6 28. b4 axb4 29. axb4 Ne6 30. e3 f4 31. Rxg6 hxg6 32. h4 fxe3 33. fxe3 Ng7 34. Be4 Bf5 35. Kd3 Bxe4+ 36. Kxe4 Nf5 37. Nf3 Kd7 38. Kd3 Ke6 39. e4 Ng3 40. Ne1 Nh5 41. Ng2 Kd7 42. Ke3 Ng3 43. Kf3 Nf1 44. Ke2 Ng3+ 45. Kd3 Kc6 46. Ne3 b5 47. cxb5+ Kxb5 48. Nd5 Nh5 49. Ke3 Ng7 50. Ne7 Kxb4 51. Nxg6 Kc5 52. Ne7 Nh5 53. Nd5 Kc4 54. Kf3 Kd4 55. Ne3 Nf6 56. Nf5+ Kc5 57. Ng3 d5 58. h5 d4 59. h6 Kd6 60. Ke2 Ke6 61. Kd3 Kf7 62. Nf5 Kg6 63. Nxd4 Kxh6 1/2-1/2

[Event "Silver Lake Open-A 2019"]
[Site "Veliko Gradiste"]
[Date "2019.06.22"]
[Round "8.4"]
[White "Zakhartsov, Viacheslav V."]
[Black "Konaplev, Anton"]
[Result "1/2-1/2"]
[ECO "E32"]
[WhiteElo "2518"]
[BlackElo "2292"]
[Annotator "ChessBase"]
[PlyCount "56"]
[EventDate "2019.06.16"]
[EventType "swiss"]
[EventCountry "SRB"]
[SourceTitle "playchess.com"]
[Source "ChessBase"]
[SourceQuality "1"]
[TimeControl "40/5400+30:900+30"]

1. d4 Nf6 2. c4 e6 3. Nc3 Bb4 4. Qc2 O-O 5. a3 Bxc3+ 6. Qxc3 b6 7. Bg5 c5 8. dxc5 bxc5 9. e3 d6 10. f3 Nbd7 11. Bd3 Bb7 12. Nh3 Qb6 13. O-O Rfe8 14. Rfd1 d5 15. Bc2 Bc6 16. Rd2 Rab8 17. Rb1 h6 18. Bh4 e5 19. b4 cxb4 20. Rxb4 Qc5 21. Bxf6 Nxf6 22. Rxb8 Rxb8 23. Qxe5 Re8 24. Qd4 Qxd4 25. Rxd4 Rxe3 26. cxd5 Bxd5 27. Nf4 Bc6 28. Rd3 Rxd3 1/2-1/2

[Event "Silver Lake Open-A 2019"]
[Site "Veliko Gradiste"]
[Date "2019.06.22"]
[Round "8.5"]
[White "Stankovic, Milos"]
[Black "Yu, Jennifer"]
[Result "1/2-1/2"]
[ECO "C42"]
[WhiteElo "2462"]
[BlackElo "2369"]
[Annotator "ChessBase"]
[PlyCount "29"]
[EventDate "2019.06.16"]
[EventType "swiss"]
[EventCountry "SRB"]
[SourceTitle "playchess.com"]
[Source "ChessBase"]
[SourceQuality "1"]
[TimeControl "40/5400+30:900+30"]

1. e4 e5 2. Nf3 Nf6 3. Nxe5 d6 4. Nf3 Nxe4 5. c4 Nc6 6. d4 d5 7. Nc3 Bb4 8. Bd2 Nxd2 9. Qxd2 O-O 10. cxd5 Re8+ 11. Be2 Ne7 12. O-O Nxd5 13. Bc4 Nb6 14. Bd3 g6 15. Rfe1 1/2-1/2

[Event "Silver Lake Open-A 2019"]
[Site "Veliko Gradiste"]
[Date "2019.06.22"]
[Round "8.6"]
[White "Krasteva, Beloslava"]
[Black "Stefanov, Emil"]
[Result "1-0"]
[ECO "E48"]
[WhiteElo "2259"]
[BlackElo "2387"]
[Annotator "ChessBase"]
[PlyCount "81"]
[EventDate "2019.06.16"]
[EventType "swiss"]
[EventCountry "SRB"]
[SourceTitle "playchess.com"]
[Source "ChessBase"]
[SourceQuality "1"]
[TimeControl "40/5400+30:900+30"]

1. d4 Nf6 2. c4 e6 3. Nc3 Bb4 4. e3 O-O 5. Bd3 d5 6. cxd5 exd5 7. Nge2 Re8 8. Bd2 c5 9. a3 Bxc3 10. bxc3 b6 11. O-O Ba6 12. Bc2 Nc6 13. Re1 Rc8 14. Ng3 Bb7 15. f3 Na5 16. Bc1 Qc7 17. Bf5 Rcd8 18. Ra2 Nc4 19. Bd3 Nd6 20. Rae2 cxd4 21. cxd4 Qd7 22. Bb2 b5 23. e4 dxe4 24. fxe4 Nc4 25. Bxc4 bxc4 26. d5 Ng4 27. Qd4 Ne5 28. Qxa7 Nd3 29. Qd4 f6 30. Rf1 Qg4 31. Bc3 h5 32. Qxc4 h4 33. Qxd3 hxg3 34. h3 Qc8 35. Qxg3 Ba6 36. Rxf6 Rd7 37. Rc6 Qb7 38. Re1 Bb5 39. Rg6 Rf8 40. e5 Qa7+ 41. Kh2 1-0

[Event "Silver Lake Open-A 2019"]
[Site "Veliko Gradiste"]
[Date "2019.06.22"]
[Round "8.7"]
[White "Lajthajm, Borko"]
[Black "Pesotskiy, Mikhail"]
[Result "1-0"]
[ECO "E10"]
[WhiteElo "2433"]
[BlackElo "2282"]
[Annotator "ChessBase"]
[PlyCount "105"]
[EventDate "2019.06.16"]
[EventType "swiss"]
[EventCountry "SRB"]
[SourceTitle "playchess.com"]
[Source "ChessBase"]
[SourceQuality "1"]
[TimeControl "40/5400+30:900+30"]

1. d4 Nf6 2. c4 e6 3. Nf3 a6 4. Qc2 d5 5. cxd5 exd5 6. Bg5 Be7 7. e3 Be6 8. Bd3 Nbd7 9. Nc3 O-O 10. h3 c5 11. O-O h6 12. Bf4 b5 13. a3 Qb6 14. Qe2 Rac8 15. Rad1 Rfe8 16. Bb1 b4 17. dxc5 Nxc5 18. axb4 Qxb4 19. Nd4 Red8 20. Be5 Qb6 21. Nf5 Bxf5 22. Bxf5 Ra8 23. Rd4 Qb7 24. Rfd1 Ncd7 25. Bg3 Nb6 26. Bh4 Qc6 27. Bb1 Qb7 28. Qc2 g6 29. Qe2 Kg7 30. Qf3 Ng8 31. Bg3 Bf6 32. Rb4 Qc6 33. Ba2 Ne7 34. Ne2 a5 35. Nd4 Qb7 36. Rb5 Qa6 37. Rc5 Rac8 38. Rxc8 Rxc8 39. Bd6 Qb7 40. Qg4 h5 41. Qg3 Qd7 42. Be5 Nc6 43. Bxf6+ Kxf6 44. Qf4+ Kg7 45. Nf3 Rd8 46. e4 Nb4 47. Bb1 Qa4 48. Re1 dxe4 49. Ng5 Qd7 50. Bxe4 f6 51. Bf5 gxf5 52. Ne6+ Kf7 53. Qh6 1-0

[Event "Silver Lake Open-A 2019"]
[Site "Veliko Gradiste"]
[Date "2019.06.22"]
[Round "8.8"]
[White "Pikula, Dejan"]
[Black "Dimitrov, Vladimir"]
[Result "1-0"]
[ECO "B51"]
[WhiteElo "2468"]
[BlackElo "2309"]
[Annotator "ChessBase"]
[PlyCount "37"]
[EventDate "2019.06.16"]
[EventType "swiss"]
[EventCountry "SRB"]
[SourceTitle "playchess.com"]
[Source "ChessBase"]
[SourceQuality "1"]
[TimeControl "40/5400+30:900+30"]

1. e4 c5 2. Nf3 d6 3. Bb5+ Nd7 4. O-O a6 5. Bd3 g6 6. c3 Ne5 7. Be2 Nxf3+ 8. Bxf3 Bg7 9. d4 Qb6 10. d5 Nf6 11. Nd2 Qc7 12. a4 e5 13. b4 Nd7 14. a5 O-O 15. Qb3 cxb4 16. Qxb4 Nc5 17. Ba3 Bd7 18. Nc4 Rac8 19. Qb6 1-0